 Dungeon Crawl Stone Soup version 0.29-a0-397-g846e4a0bbc (webtiles) character file.

Game seed: 15419512080952469157

9033 BlueGoblin the Martial Artist (level 11, -12/79 HPs)
             Began as a Vine Stalker Transmuter on May 11, 2022.
             Was a Believer of Dithmenos.
             Killed by the air
             ... invoked by a wind drake
              (15 damage)
             ... on level 2 of the Lair of Beasts.
             The game lasted 00:26:01 (11133 turns).

BlueGoblin the Martial Artist (VSTm)               Turns: 11133, Time: 00:26:01

Health: -12/79     AC: 25    Str: 19    XL:     11   Next: 40%
Magic:  0/19       EV:  2    Int: 17    God:    Dithmenos [**....]
Gold:   498        SH:  0    Dex: 15    Spells: 7/19 levels left

rFire   . . .      SeeInvis .     - Unarmed
rCold   . . .      Faith    .   (no shield)
rNeg    . . .      Spirit   +   (body armour currently unavailable)
rPois   +          Reflect  .   (helmet currently unavailable)
rElec   .          Harm     .   (cloak currently unavailable)
rCorr   .          Rampage  .   (gloves currently unavailable)
Will    +....      NoTele   +   (boots currently unavailable)
Stlth   ++........              (no amulet)
HPRegen 1.03/turn               l - +6 ring of strength
MPRegen 0.16/turn               o - ring of poison resistance

@: tree-form, wereblooded, wreathed by umbra
A: stationary, stasis, torment immunity, boosted hp, (fangs 3), regeneration 1,
magic shield, (antimagic bite), no potion heal 2
a: Renounce Religion, Shadow Step


You were on level 2 of the Lair of Beasts.
You worshipped Dithmenos.
Dithmenos was pleased with you.
You were a tree.
You visited 3 branches of the dungeon, and saw 11 of its levels.

You collected 498 gold pieces.

Inventory:

Armour
 a - a +0 robe (melded)
 g - a +1 cloak (melded)
 i - +0 acid dragon scales
 s - a +2 pair of gloves of dexterity (melded)
Jewellery
 c - a ring of see invisible
 l - a +6 ring of strength (left branch)
 n - a ring of fire
 o - a ring of poison resistance (right branch)
 y - a ring of flight
Wands
 d - a wand of iceblast (7)
 m - a wand of polymorph (5)
 w - a wand of mindburst (23)
Scrolls
 f - a scroll of blinking
 k - a scroll of teleportation
 u - a scroll of enchant weapon
 z - a scroll of amnesia
Potions
 b - a potion of lignification
 e - 4 potions of curing
 h - a potion of flight
 j - 3 potions of heal wounds
 p - a potion of invisibility
 q - a potion of mutation
 r - 2 potions of resistance
 t - 2 potions of brilliance {unknown}
 v - 2 potions of might
 x - a potion of attraction {unknown}
 A - a potion of haste {unknown}


   Skills:
 + Level 4.2 Fighting
 - Level 1.5 Dodging
 + Level 11.2 Unarmed Combat
 + Level 4.9 Spellcasting
 * Level 10.7 Transmutations
 - Level 6.3 Ice Magic


You had 7 spell levels left.
You knew the following spells:

 Your Spells              Type           Power      Damage    Failure   Level
a - Beastly Appendage     Tmut           80%        N/A       1%          1
b - Ice Form              Ice/Tmut       33%        N/A       4%          4
c - Blade Hands           Tmut           20%        N/A       4%          5
q - Wereblood             Tmut           40%        N/A       1%          2

Your spell library contained the following spells:

 Spells                   Type           Power      Damage    Failure   Level
 Spider Form              Tmut/Pois      22%        N/A       4%          3
 Ensorcelled Hibernation  Hex/Ice        28%        N/A       6%          2
 Ignite Poison            Fire/Tmut/Pois 16%        N/A       10%         3
 Animate Skeleton         Necr           8%         N/A       14%         1
 Magic Dart               Conj           16%        1d3       14%         1
 Pain                     Necr           16%        1d4       14%         1
 Call Imp                 Summ           4%         N/A       22%         2
 Conjure Flame            Conj/Fire      4%         6-21      41%         3
 Dazzling Flash           Conj/Hex       8%         N/A       41%         3
 Mephitic Cloud           Conj/Pois/Air  4%         N/A       41%         3
 Portal Projectile        Hex/Tloc       8%         N/A       41%         3
 Vampiric Draining        Necr           4%         2d6       41%         3
 Anguish                  Hex/Necr       2%         N/A       82%         4
 Sticky Flame             Conj/Fire      4%         2d3       82%         4
 Agony                    Necr           4%         N/A       99%         5
 Excruciating Wounds      Necr           2%         N/A       99%         5
 Silence                  Hex/Air        2%         N/A       99%         5


Dungeon Overview and Level Annotations

Branches:
Dungeon (8/15)             Temple (1/1) D:4            Lair (2/6) D:8
  Swamp: Lair:2-4    Shoals: Lair:2-4     Snake: Lair:2-4    Spider: Lair:2-4

Altars:
Ashenzari
Cheibriados
Dithmenos
Elyvilon
Fedhas
Gozag
Hepliaklqana
Kikubaaqudgha
Makhleb
Nemelex Xobeh
Qazlal
Sif Muna
Trog
Uskayaw
Vehumet
Wu Jian
Xom
Yredelemnul
Zin
The Shining One

Annotations:
D:8 Amaemon
Lair:1 3 runed translucent doors


Innate Abilities, Weirdness & Mutations

You are a tree.
Your roots penetrate the ground, keeping you stationary.
You cannot be teleported.
You are immune to unholy pain and torment.
Your maximum health is greatly increased.
Your equipment is partially melded.
((You have razor-sharp teeth.))
Your natural rate of healing is unusually fast.
When hurt, damage is shared between your health and your magic reserves.
((Your bite disrupts and absorbs the magic of your enemies.))
Potions cannot restore your health.


Message History

The air twists around and strikes you.
You pummel the wolf!! You freeze the wolf.
You feel a bit better.
You kill the wolf!
Dithmenos accepts your kill.
You howl as the wereblood boils in your veins!
You closely miss the wolf. The wolf bites you.
The wind drake flaps its wings at you. The air twists around and strikes you!
* * * LOW HITPOINT WARNING * * *
The wolf closely misses you.
Press: ? - help, v - describe, . - travel
Here: a wind drake (severely wounded, repelling missiles, umbra)
The floor.
Really quaff the potion of lignification?
You warm up again.
Your +1 cloak unmelds from your body.
Your +2 pair of gloves of dexterity unmelds from your body.
Your +0 robe unmelds from your body.
You feel agile.
You turn into a tree.
Your +1 cloak melds into your body.
Your +2 pair of gloves of dexterity melds into your body.
Your +0 robe melds into your body.
You feel clumsy.
Your roots penetrate the ground.
The wolf bites you but does no damage.
You smack the wolf!
The wolf is heavily wounded.
The wolf bites you but does no damage. x2
You barely miss the wolf.
The wolf is heavily wounded.
You creak as the wereblood boils in your veins!
The wind drake flaps its wings at you. The air twists around and strikes you!
* * * LOW HITPOINT WARNING * * *
The wolf bites you but does no damage.
You smack the wolf!
The wolf is severely wounded.
The wolf bites you but does no damage. The wind drake flaps its wings at you.
The air twists around and strikes you!
You die...

#...........♣
#...........≈
###...^.....≈
##..........≈
#..#........≈
##F.#......§♣
##k##.......P
#h###§P.....P
#♣# ####....≈
####.## ##..
#.#...# ..
##...## ##..#
#...# #..##
##..## #P...#


You could see a wind drake (repels missiles), a wolf and a bullfrog.

Vanquished Creatures
  A death yak (Lair:1)
  5 cane toads (Lair:1)
  A komodo dragon (Lair:1)
  An ice devil (Lair:1)
  Grinder (D:6)
  A polar bear (Lair:1)
  Sigmund (D:3)
  A wyvern (D:4)
  A yak (Lair:1)
  Eustachio (D:4)
  A vampire mosquito (D:7)
  An acid dragon (D:6)
  6 water moccasins
  2 ice beasts
  A black bear (D:6)
  A sky beast (D:7)
  2 orc warriors (D:6)
  17 wolves
  2 phantoms (D:5)
  3 lemures (D:4)
  3 kobold brigands
  5 bullfrogs
  A gnoll sergeant (D:8)
  4 scorpions
  3 necrophages
  A wight (D:7)
  3 howler monkeys
  7 electric eels
  5 hounds
  3 jellies
  A centaur zombie (D:6)
  5 orc priests
  A gnoll shaman (D:4)
  Ijyb (D:3)
  Terence (D:2)
  Natasha (thrice) (D:4)
  6 iguanas
  4 orc wizards
  Robin (D:2)
  13 gnolls
  10 adders
  3 shadow imps
  2 white imps (D:7)
  An adder zombie (D:3)
  2 worms (D:2)
  2 dart slugs (D:2)
  20 orcs
  8 ball pythons
  8 endoplasms
  4 giant cockroaches
  14 goblins
  9 hobgoblins
  11 jackals
  5 quokkas
  A ball python zombie (D:3)
  10 bats
  3 frilled lizards
  18 kobolds
  2 rats
254 creatures vanquished.

Vanquished Creatures (others)
  6 bushes (D:6)
  A fungus (Lair:1)
  35 plants
42 creatures vanquished.

Grand Total: 296 creatures vanquished

Notes
Turn   | Place    | Note
-------+----------+-------------------------------------------
     0 | D:1      | BlueGoblin the Vine Stalker Transmuter began the quest for
                  | the Orb.
     0 | D:1      | Reached XP level 1. HP: 9/9 MP: 4/4
   159 | D:1      | Reached XP level 2. HP: 4/14 MP: 3/6
   446 | D:1      | Reached skill level 1 in Fighting
   717 | D:1      | Found a faded altar of an unknown god.
   961 | D:1      | Reached XP level 3. HP: 18/18 MP: 5/7
  1554 | D:2      | Noticed Terence
  1564 | D:2      | Killed Terence
  1565 | D:2      | Reached skill level 4 in Unarmed Combat
  1565 | D:2      | Gained mutation: Your natural rate of healing is unusually
                  | fast. [Vine Stalker growth]
  1565 | D:2      | Reached XP level 4. HP: 8/22 MP: 5/8
  1753 | D:2      | Noticed Robin
  1788 | D:1      | Learned a level 2 spell: Wereblood
  1827 | D:2      | Killed Robin
  2132 | D:2      | Reached XP level 5. HP: 25/25 MP: 7/9
  2454 | D:3      | Noticed Ijyb
  2622 | D:3      | Killed Ijyb
  2871 | D:3      | Noticed Sigmund
  2880 | D:3      | Killed Sigmund
  2881 | D:3      | Reached skill level 5 in Unarmed Combat
  2881 | D:3      | Reached XP level 6. HP: 29/30 MP: 10/10
  3098 | D:3      | Reached skill level 5 in Transmutations
  3102 | D:3      | Reached XP level 7. HP: 34/34 MP: 9/11
  3216 | D:3      | Found a basalt altar of Yredelemnul.
  3378 | D:3      | Learned a level 4 spell: Ice Form
  3393 | D:4      | Noticed Natasha
  3404 | D:4      | Killed Natasha
  3425 | D:4      | Found a staircase to the Ecumenical Temple.
  3464 | Temple   | Entered the Ecumenical Temple
  3791 | D:4      | Noticed a wyvern
  3802 | D:4      | Killed a wyvern
  3803 | D:4      | Reached skill level 6 in Unarmed Combat
  3803 | D:4      | Reached skill level 1 in Ice Magic
  3927 | D:4      | Found a sparkling altar of Nemelex Xobeh.
  4085 | D:4      | Noticed Natasha
  4086 | D:4      | Noticed Eustachio
  4091 | D:4      | Killed Natasha
  4104 | D:4      | Killed Eustachio
  4108 | D:4      | Noticed Natasha
  4113 | D:4      | Killed Natasha
  4114 | D:4      | Gained mutation: You have razor-sharp teeth. [Vine Stalker
                  | growth]
  4114 | D:4      | Reached XP level 8. HP: 39/39 MP: 10/12
  4628 | D:5      | Entered Level 5 of the Dungeon
  4788 | D:5      | Reached skill level 7 in Unarmed Combat
  5241 | D:5      | Found a shadowy altar of Dithmenos.
  5501 | D:6      | Reached XP level 9. HP: 42/43 MP: 13/13
  5636 | D:5      | Became a worshipper of Dithmenos the Shadowed
  5741 | D:6      | Reached skill level 8 in Unarmed Combat
  5822 | D:6      | Found a blossoming altar of Fedhas.
  6091 | D:6      | Found a hazy altar of Hepliaklqana.
  6406 | D:6      | Found a shimmering blue altar of Sif Muna.
  6636 | D:6      | Noticed Grinder
  6843 | D:6      | Killed Grinder
  6868 | D:6      | HP: 1/43 [electric eel/bolt of electricity (7)]
  7507 | D:7      | Reached skill level 9 in Unarmed Combat
  7515 | D:7      | Reached * piety under Dithmenos
  7622 | D:7      | Reached XP level 10. HP: 49/49 MP: 9/14
  8423 | D:7      | Learned a level 5 spell: Blade Hands
  8718 | D:8      | Reached ** piety under Dithmenos
  8736 | D:8      | Found a flagged portal.
  8795 | D:8      | Found a staircase to the Lair.
  8842 | D:8      | Noticed an orange demon
  8848 | D:8      | Noticed Amaemon
  9239 | Lair:1   | Entered Level 1 of the Lair of Beasts
  9351 | Lair:1   | Noticed a cane toad
  9361 | Lair:1   | Killed a cane toad
  9362 | Lair:1   | Reached skill level 5 in Ice Magic
  9597 | Lair:1   | Noticed a cane toad
  9606 | Lair:1   | Killed a cane toad
  9607 | Lair:1   | Reached skill level 10 in Unarmed Combat
  9735 | Lair:1   | Found a runed translucent gate.
  9735 | Lair:1   | Found a runed translucent gate.
  9735 | Lair:1   | Found a runed translucent gate.
  9779 | Lair:1   | Reached skill level 10 in Transmutations
  9972 | Lair:1   | Noticed a cane toad
  9982 | Lair:1   | Killed a cane toad
 10063 | Lair:1   | Noticed an ice dragon
 10083 | Lair:1   | Reached XP level 11. HP: 53/53 MP: 4/18
 10515 | Lair:1   | Noticed a death yak
 10533 | Lair:1   | Killed a death yak
 10534 | Lair:1   | Reached skill level 11 in Unarmed Combat
 11132 | Lair:2   | HP: 2/79 [wind drake/the air (11)]
 11133 | Lair:2   | Killed from afar by a wind drake

Illustrated notes

Levels and vault maps discovered:
D:1:      dpeg_arrival_round_c, layout_basic, nicolae_ecumenical_snake_handling,
          chequers_avenue, serial_bayou_pond_a, st_stairs_5,
          nrook_mini_backslash, minmay_tree_intersection
D:2:      layout_rooms, uniq_robin, uniq_terence
D:3:      layout_rooms, lemuel_zombie_altar_yredelemnul, minmay_misc_feat_roman,
          minmay_unequal, uniq_ijyb, uniq_sigmund
D:4:      layout_basic, mainiacjoe_overflow_24_doors,
          minmay_temple_entry_junction, uniq_natasha, uniq_eustachio, uniq_pikel
D:5:      layout_cave_pools, nicolae_overflow_hidden_temple, serial_rivers,
          chequers_serial_rivers_large_a, chequers_serial_rivers_small_a,
          chequers_serial_rivers_marsh, chequers_serial_rivers_micro_b,
          chequers_serial_rivers_room_a, chequers_serial_rivers_micro_c
D:6:      cheibrodos_two_vegetables, layout_layer_cave,
          mainiacjoe_overflow_catwalk, fedhas_altar_decomposition,
          nzn_hepliaklqana_mist_gate, nicolae_underground_beach,
          uniq_crazy_yiuf_cottage, uniq_grinder
D:7:      minmay_chambers_of_fours, layout_basic, chequers_serial_rivers_large_b
D:8:      layout_rooms, lair_entry_dummy, serial_glass, glass_columns_b,
          glass_columns_b, glass_columns_c, glass_columns_b, glass_columns_a,
          enter_bailey_1, uniq_amaemon
Temple:   minmay_temple_curvy_branch
Lair:1:   dreamdust_isle_of_ice, layout_regular_city,
          gammafunk_ghost_necromancy, grunt_megastairs_5, serial_bayou_shore_a
Lair:2:   layout_cave_pods, minmay_shoals_entry_beasts, serial_bayou_lake_a

Skill      XL: |  1  2  3  4  5  6  7  8  9 10 11 |
---------------+----------------------------------+-----
Fighting       | 1 2 3 4 |  4.2
Unarmed Combat | 4 5 6 7 9 10 11 | 11.2
Transmutations | 3 4 5 6 7 9 10 | 10.7
Ice Magic      | 1 3 4 5 6 |  6.3
Spellcasting   | 4 |  4.9
Dodging        | |  1.5

Action                   |  1- 3 |  4- 6 |  7- 9 | 10-12 || total
-------------------------+-------+-------+-------+-------++-------
Melee: Unarmed           |    82 |   143 |   229 |   201 ||   655
       Kick              |    18 |    43 |    78 |    22 ||   161
       Bite              |    19 |    26 |    75 |    20 ||   140
       Headbutt          |     9 |     7 |    51 |    16 ||    83
       Punch             |     2 |     5 |    11 |     5 ||    23
 Cast: Beastly Appendage |    16 |    23 |    45 |    12 ||    96
       Wereblood         |       |     3 |     6 |     9 ||    18
       Ice Form          |       |       |       |    16 ||    16
Evoke: Wand              |       |       |     7 |     2 ||     9
  Use: Potion            |       |     1 |     1 |     3 ||     5
       Scroll            |       |       |    19 |     4 ||    23
 Stab: Sleeping          |     1 |       |       |     1 ||     2
       Distracted        |       |       |       |     1 ||     1
Armor: Robe              |    23 |    35 |    62 |    22 ||   142
       Skin              |       |     2 |       |    81 ||    83
Dodge: Dodged            |    81 |    90 |   128 |   143 ||   442

Table legend: (Time is in decaauts)
 A = Elapsed time spent in this place.
 B = Non-inter-level travel time spent in this place.
 C = Inter-level travel time spent in this place.
 D = Time resting spent in this place.
 E = Time spent auto-exploring this place.
 F = Levels seen in this place.
 G = Mean time per level.
                   A        B        C        D        E       F      G
               +--------+--------+--------+--------+--------+-----+--------+
         Total |  11196 |  10399 |    797 |   1626 |   6546 |  11 | 1017.8 |
       Dungeon |   9064 |   8301 |    763 |   1027 |   5567 |   8 | 1133.0 |
        Temple |    252 |    248 |      4 |      0 |    245 |   1 |  252.0 |
          Lair |   1879 |   1849 |     30 |    598 |    734 |   2 |  939.5 |
               +--------+--------+--------+--------+--------+-----+--------+

Top non-repeatable levels by time:
     D:6: 2046 daAuts
  Lair:1: 1743 daAuts
     D:1: 1589 daAuts
     D:7: 1397 daAuts
     D:3: 1026 daAuts
     D:4: 998 daAuts
     D:5: 836 daAuts
     D:2: 747 daAuts
     D:8: 423 daAuts
  Temple: 252 daAuts
  Lair:2: 136 daAuts
